 Dungeon Crawl Stone Soup version 0.19.1-1-g22dce08 (webtiles) character file.

72 galech the Cudgeler (level 4, -5/44 HPs)
             Began as a Troll Fighter on Jan 5, 2017.
             Slain by galech's ghost (27 damage)
             ... on level 3 of the Dungeon.
             The game lasted 00:02:44 (1896 turns).

galech the Cudgeler (Troll Fighter)                 Turns: 1896, Time: 00:02:45

Health: -5/44      AC:  5    Str: 25    XL:     4   Next: 7%
Magic:  12/12      EV:  8    Int:  4    God:
Gold:   108        SH:  9    Dex:  9    Spells: 0 memorised, 3 levels left

rFire  . . .     SeeInvis .     a - +0 flail
rCold  . . .     Gourm    +     b - +0 robe
rNeg   + . .     Faith    .     c - +0 shield
rPois  .         Spirit   .     (helmet restricted)
rElec  .         Reflect  .     (no cloak)
rCorr  .         Harm     .     (gloves unavailable)
MR     .....                    (boots unavailable)
Stlth  +.........               i - amulet of magic regeneration
                                r - ring of magical power
                                m - ring of positive energy

@: no status effects
A: unfitting armour, claws 3, fast metabolism 3, gourmand, regeneration 1,
shaggy fur 1, tough skin 2
a: no special abilities


You were on level 3 of the Dungeon.
You were very full.

You visited 1 branch of the dungeon, and saw 3 of its levels.

You collected 108 gold pieces.

Inventory:

Hand Weapons
 a - a +0 flail (weapon)
Armour
 b - a +0 robe (worn)
 c - a +0 shield (worn)
Jewellery
 i - an amulet of magic regeneration (around neck)
 m - a ring of positive energy (left claw)
 r - a ring of magical power (right claw)
Scrolls
 g - 3 scrolls of remove curse {unknown}
 h - 3 scrolls of teleportation {unknown}
 k - 2 scrolls of identify {unknown}
 l - 2 scrolls of recharging {unknown}
 o - a scroll of enchant armour {unknown}
 s - a scroll of random uselessness {unknown}
Potions
 d - a potion of might
 e - 3 potions of berserk rage {unknown}
 p - 2 potions of flight {unknown}
 q - a potion of heal wounds {unknown}
 t - a potion of magic {unknown}
Comestibles
 f - 3 bread rations
 j - 2 meat rations


   Skills:
 + Level 2.8 Fighting
 + Level 2.9 Maces & Flails
 + Level 2.7 Dodging
 + Level 2.8 Shields


You had 3 spell levels left.
You didn't know any spells.

Dungeon Overview and Level Annotations

Branches:
Dungeon (3/15)

Altars:

Annotations:
D:3 galech's ghost, amateur TrFi


Innate Abilities, Weirdness & Mutations

You are too large for most types of armour.
You have claws for hands.
Your metabolism is lightning-fast.
You like to eat raw meat.
Your natural rate of healing is unusually fast.
You are covered in fur. (AC +1)
You have very tough skin. (AC +2)


Message History

There is an open door here.
There is a stone staircase leading down here.
You climb downwards.
Found 21 arrows and a blue potion.
There is a stone staircase leading up here.
Found 4 gold pieces and a meat ration.
Galech's ghost (amateur Troll Fighter) comes into view.
Galech's ghost turns its malevolent gaze towards you.
Galech's ghost moves out of view.
A hobgoblin comes into view.
The hobgoblin shouts!
There is a stone staircase leading up here.
You hit galech's ghost.
Galech's ghost is lightly damaged.
Galech's ghost hits you! x2
An adder comes into view.
There is a stone staircase leading up here.
Galech's ghost hits you!!
Ouch! That really hurt!
You die...

#....%.$..#
###.........##
............#
.###..........#
...........!..#
..............#
..............#
.......g....(#
#......W@...##
#......##.###
##.#.## ...#
..... ....#
.... .....# ...
.....# ...
#.....# ...#


You could see galech's ghost and a hobgoblin.

Vanquished Creatures
  An adder (D:2)
  A worm (D:2)
  2 dart slugs
  3 leopard geckos (D:2)
  A giant cockroach (D:2)
  12 goblins
  3 hobgoblins
  8 jackals
  3 kobolds
  7 bats
  4 frilled lizards
  6 rats
51 creatures vanquished.

Notes
Turn   | Place    | Note
-------+----------+-------------------------------------------
     0 | D:1      | galech the Troll Fighter began the quest for the Orb.
     0 | D:1      | Reached XP level 1. HP: 22/22 MP: 0/0
    64 | D:1      | Reached XP level 2. HP: 29/29 MP: 1/1
   393 | D:1      | Reached XP level 3. HP: 36/36 MP: 2/2
  1501 | D:2      | Reached XP level 4. HP: 40/44 MP: 3/3
  1889 | D:3      | Noticed galech's ghost (amateur TrFi)
  1896 | D:3      | Slain by galech's ghost

Skill      XL: |  1 |
---------------+----+-----
Maces & Flails | 2 |  2.9
Fighting       | |  2.8
Dodging        | |  2.7
Shields        | |  2.8

Action                   |  1- 3 |  4- 6 || total
-------------------------+-------+-------++-------
Melee: Flail             |   175 |    20 ||   195
  Eat: Chunk             |    20 |     3 ||    23
Armor: Robe              |    64 |     8 ||    72
Dodge: Dodged            |    64 |    12 ||    76
Block: Shield            |    91 |    12 ||   103
